 Dungeon Crawl Stone Soup version 0.24.0-28-g17ded55e90 (webtiles) character file.

Game seed: 17766407098914957602, levelgen mode: deterministic

984 Nattfarinn the Purveyor of Pain (level 7, -1/36 HPs)
             Began as a Vampire Necromancer on Nov 11, 2019.
             Was an Initiate of Kikubaaqudgha.
             Slain by a killer bee (4 damage)
             ... on level 7 of the Dungeon.
             The game lasted 00:22:47 (9427 turns).

Nattfarinn the Purveyor of Pain (VpNe)              Turns: 9427, Time: 00:22:47

Health: -1/36      AC:  2    Str:  5    XL:     7   Next: 97%
Magic:  13/13      EV: 13    Int: 19    God:    Kikubaaqudgha [......]
Gold:   267        SH:  0    Dex: 15    Spells: 10/15 levels left

rFire    + + .     SeeInvis +   o - +2 whip (vamp)
rCold    + + .     Gourm    .   (no shield)
rNeg     + + +     Faith    .   a - +0 robe
rPois    ∞         Spirit   .   t - +0 hat
rElec    .         Reflect  .   (no cloak)
rCorr    .         Harm     .   (no gloves)
MR       .....                  (no boots)
Stlth    ++++++....             (no amulet)
HPRegen  0.00/turn              m - ring of flight
MPRegen  0.13/turn              (no ring)

@: bloodless, regenerating quickly, hasted, very quick
A: no food, fangs 3, see invisible, fire resistance 2, weak 1, unbreathing
a: Bat Form, Revivify, Renounce Religion, Evoke Flight


You were on level 7 of the Dungeon.
You worshipped Kikubaaqudgha.
Kikubaaqudgha was noncommittal.
You were bloodless.

You visited 2 branches of the dungeon, and saw 8 of its levels.

You collected 267 gold pieces.

Inventory:

Hand Weapons
 c - a +0 spear
 n - the cursed +2 short sword of Ointment {antimagic, +Inv rPois rF- Str+3}
   (You took it off an orc on level 4 of the Dungeon)

   It reduces the magical energy of the wielder, and disrupts the spells and
   magical abilities of those hit.
   Natural abilities and divine invocations are not affected.
   It affects your strength (+3).
   It makes you vulnerable to fire.
   It protects you from poison.
   It lets you turn invisible.
   It has a curse placed upon it.
 o - a +2 vampiric whip (weapon)
Armour
 a - a +0 robe (worn)
 t - a +0 hat (worn)
Jewellery
 m - a ring of flight (left hand)
Wands
 d - a wand of enslavement (15)
 i - a wand of polymorph (10)
 r - a wand of disintegration (13)
Scrolls
 b - a scroll of random uselessness {unknown}
 e - 4 scrolls of remove curse
 f - a scroll of amnesia {unknown}
 g - 2 scrolls of immolation
 h - 5 scrolls of magic mapping
 j - a scroll of enchant armour {unknown}
 k - a scroll of teleportation
 l - a scroll of noise {unknown}
 u - a scroll of enchant weapon {unknown}
Potions
 p - 2 potions of brilliance


   Skills:
 - Level 2.1 Dodging
 + Level 7.6 Stealth
 + Level 4.5 Spellcasting
 * Level 8.4 Necromancy


You had 10 spell levels left.
You knew the following spells:

 Your Spells              Type           Power        Failure   Level  Hunger
a - Pain                  Necr           ####         1%          1    N/A
b - Animate Skeleton      Necr           N/A          1%          1    N/A
c - Vampiric Draining     Necr           #####.....   1%          3    N/A

Your spell library contained the following spells:

 Spells                   Type           Power        Failure   Level  Hunger
 Animate Dead             Necr           N/A          4%          4    N/A
 Regeneration             Chrm/Necr      ###.......   7%          3    N/A

Dungeon Overview and Level Annotations

Branches:
Dungeon (6/15)             Temple (1/1) D:5

Altars:
Ashenzari
Cheibriados
Dithmenos
Elyvilon
Fedhas
Gozag
Hepliaklqana
Kikubaaqudgha
Nemelex Xobeh
Qazlal
Sif Muna
Trog
Uskayaw
Vehumet
Zin
The Shining One

Annotations:
D:2 Sigmund
D:5 Prince Ribbit


Innate Abilities, Weirdness & Mutations

You do not eat.
You do not regenerate when monsters are visible.
You are frail without blood (-20% HP).
You can heal yourself when you bite living creatures.
You are immune to poison.
You have razor-sharp teeth.
You have supernaturally acute eyesight. (SInv)
You can survive without breathing.
Your flesh is very heat resistant. (rF++)
You are weak. (Str -2)


Message History

You hit the killer bee.
The killer bee is moderately wounded.
The killer bee stings you! The killer bee stings you.
The killer bee buzzes angrily.
You miss the killer bee.
The killer bee is moderately wounded.
The killer bee buzzes angrily.
The killer bee closely misses you. The killer bee stings you!
You are too injured to fight recklessly!
You are too injured to fight recklessly!
The killer bee misses you. The killer bee stings you.
The killer bee stings you.
* * * LOW HITPOINT WARNING * * *
It was a potion of cancellation.
You feel magically purged.
It was a potion of haste.
You feel yourself speed up.
The killer bee closely misses you. x2; The killer bee stings you!
* * * LOW HITPOINT WARNING * * *
The killer bee misses you. The killer bee stings you.
You die...
Kikubaaqudgha rasps: "You have failed me!
Welcome... oblivion!"

#...##......%..#####
#...##..........##..
#...###.............
#...##..........#...
..###...............#...
#.......##..........##..
#..y............###.
###yy.............##
#@y#.........##...
#...###............
.....# #############
####.## ... ##.# ..# .
...


You could see 4 killer bees.

Vanquished Creatures
  An ice beast (D:5)
  An ogre (D:5)
  A centaur (D:6)
  A bullfrog (D:6)
  2 scorpions (D:5)
  An orc priest (D:4)
  2 hounds (D:4)
  A centaur skeleton (D:4)
  A gnoll shaman (D:5)
  Natasha (thrice) (D:3)
  5 worker ants
  A worker ant zombie (D:5)
  8 gnolls (D:5)
  8 adders
  A shadow imp (D:7)
  A dart slug (D:5)
  3 leopard geckos
  6 orcs
  A giant cockroach (D:4)
  6 goblins
  4 hobgoblins
  3 jackals (D:5)
  A quokka (D:3)
  2 ball pythons (D:4)
  5 bats
  7 frilled lizards
  2 kobolds (D:3)
  A leopard gecko skeleton (D:6)
  A leopard gecko zombie (D:6)
  8 rats
88 creatures vanquished.

Vanquished Creatures (collateral kills)
  A hound skeleton (D:6)
  A giant cockroach (D:6)
  2 jackals (D:5)
4 creatures vanquished.

Vanquished Creatures (others)
  A worker ant (D:4)
  A giant cockroach (D:3)
2 creatures vanquished.

Grand Total: 94 creatures vanquished

Notes
Turn   | Place    | Note
-------+----------+-------------------------------------------
     0 | D:1      | Nattfarinn the Vampire Necromancer began the quest for the
                  | Orb.
     0 | D:1      | Reached XP level 1. HP: 13/13 MP: 3/3
   282 | D:1      | Reached XP level 2. HP: 9/15 MP: 1/5
   652 | D:2      | Noticed Sigmund
   813 | D:2      | Learned a level 1 spell: Animate Skeleton
  1111 | D:2      | Reached skill level 5 in Necromancy
  1246 | D:2      | Reached XP level 3. HP: 17/19 MP: 1/6
  1336 | D:2      | Found a hide-covered altar of Uskayaw.
  1423 | D:2      | Found a snail-covered altar of Cheibriados.
  1510 | D:2      | Gained mutation: You are dopey. (Int -2) [potion of
                  | mutation]
  1510 | D:2      | Gained mutation: You are somewhat resistant to further
                  | mutation. [potion of mutation]
  1511 | D:2      | Lost mutation: You are dopey. (Int -2) [potion of mutation]
  1511 | D:2      | Lost mutation: You are somewhat resistant to further
                  | mutation. [potion of mutation]
  1511 | D:2      | Gained mutation: Your flesh is heat resistant. (rF+)
                  | [potion of mutation]
  1511 | D:2      | Gained mutation: You are weak. (Str -2) [potion of
                  | mutation]
  1511 | D:2      | Gained mutation: Your flesh is very heat resistant. (rF++)
                  | [potion of mutation]
  2062 | D:3      | Learned a level 3 spell: Vampiric Draining
  2119 | D:3      | Reached XP level 4. HP: 14/24 MP: 3/7
  3036 | D:3      | Found a radiant altar of Vehumet.
  3076 | D:3      | Noticed Natasha
  3080 | D:3      | Killed Natasha
  3080 | D:3      | Reached XP level 5. HP: 28/28 MP: 4/9
  3124 | D:3      | Found a hazy altar of Hepliaklqana.
  3502 | D:3      | Found a bloodstained altar of Trog.
  3522 | D:3      | Noticed Natasha
  3527 | D:3      | Killed Natasha
  3527 | D:3      | Reached skill level 6 in Necromancy
  3579 | D:3      | Noticed Natasha
  3591 | D:3      | Killed Natasha
  3591 | D:3      | Reached skill level 5 in Stealth
  4675 | D:4      | Reached XP level 6. HP: 7/32 MP: 9/11
  4926 | D:4      | Found a shadowy altar of Dithmenos.
  5179 | D:4      | Identified the cursed +2 short sword of Ointment
                  | {antimagic, +Inv rPois rF- Str+3}
  5835 | D:5      | Entered Level 5 of the Dungeon
  6146 | D:4      | Reached skill level 7 in Necromancy
  6615 | D:5      | Noticed an ice beast
  6623 | D:5      | Killed an ice beast
  6623 | D:5      | Reached XP level 7. HP: 36/36 MP: 5/12
  6767 | D:5      | Found a staircase to the Ecumenical Temple.
  6785 | Temple   | Entered the Ecumenical Temple
  6842 | Temple   | Became a worshipper of Kikubaaqudgha
  7857 | D:5      | Reached skill level 8 in Necromancy
  8370 | D:5      | Noticed Prince Ribbit
  8987 | D:6      | Found a white marble altar of Elyvilon.
  9363 | D:6      | You fall into a shaft and drop 1 floor!
  9427 | D:7      | Slain by a killer bee

Levels and vault maps discovered:
D:1:      dpeg_arrival_tiny_b, layout_rooms, kennysheep_pointless_box,
          minmay_parallelograms
D:2:      layout_loops_ring, eat_drink_and_be_merry_uskayaw,
          cheibriados_altar_1, minmay_misc_feat_encased, uniq_sigmund
D:3:      layout_basic, lemuel_round_altar, fiery_altar_vehumet,
          lemuel_round_altar, nrook_campfire, uniq_natasha
D:4:      layout_basic, lemuel_doored_altar, lemuel_flame_loot_1
D:5:      lemuel_castle_with_subvaults [lemuel_castle_interior_carwin_1],
          layout_basic, temple_statues, first_ration, uniq_prince_ribbit1
D:6:      layout_cave_pools, doesnt_xom_only_xom, kennysheep_mini_moat,
          lightli_orcish_oven
D:7:      layout_rooms, lemuel_coloured_pillars_altar, enter_bailey_3,
          ebering_ghost_inner_flame, grunt_ogre_cave
Temple:   jpeg_temple_island

Skill      XL: |  1  2  3  4  5  6  7 |
---------------+----------------------+-----
Necromancy     | 5 6 7 8 |  8.4
Stealth        | 4 5 6 7 |  7.6
Spellcasting   | 3 4 |  4.5
Dodging        | |  2.1

Action                   |  1- 3 |  4- 6 |  7- 9 || total
-------------------------+-------+-------+-------++-------
Melee: Spear             |    22 |    45 |       ||    67
       Bite              |     2 |     5 |     4 ||    11
       Whip              |       |    35 |    63 ||    98
 Cast: Pain              |    51 |    87 |    58 ||   196
       Animate Skeleton  |     3 |       |     4 ||     7
       Vampiric Draining |       |     3 |       ||     3
 Abil: Exsanguinate      |     1 |       |       ||     1
  Use: Potion            |     4 |     1 |     2 ||     7
       Scroll            |       |     5 |     4 ||     9
 Stab: Sleeping          |     8 |     5 |     2 ||    15
       Distracted        |       |       |     1 ||     1
Armor: Robe              |     6 |    17 |    14 ||    37
Dodge: Dodged            |    25 |    85 |    89 ||   199
